 Dungeon Crawl Stone Soup version 0.28.0-53-g5a82cb258f (webtiles) character file.

Game seed: 12991671200743395696

16 protoss039 the Digger (level 2, 0/21 HPs)
             Began as a Demonspawn Earth Elementalist on June 16, 2022.
             Slain by a quokka (4 damage)
             ... on level 1 of the Dungeon.
             The game lasted 00:00:38 (1113 turns).

protoss039 the Digger (DsEE)                        Turns: 1113, Time: 00:00:38

Health: 0/21       AC:  2    Str:  8    XL:     2   Next: 41%
Magic:  5/5        EV: 12    Int: 16    God:
Gold:   53         SH:  0    Dex: 13    Spells: 4/5 levels left

rFire   . . .      SeeInvis .   d - +0 dagger
rCold   . . .      Faith    .   (no shield)
rNeg    . . .      Spirit   .   b - +0 robe
rPois   .          Reflect  .   (no helmet)
rElec   .          Harm     .   (no cloak)
rCorr   .          Rampage  .   (no gloves)
Will    .....                   (no boots)
Stlth   ++........              (no amulet)
HPRegen 0.07/turn               (no ring)
MPRegen 0.09/turn               (no ring)

@: no status effects
A: foul stench 1
a: no special abilities


You were on level 1 of the Dungeon.
You visited 1 branch of the dungeon, and saw 1 of its levels.

You collected 53 gold pieces.

Inventory:

Hand Weapons
 d - a +0 dagger (weapon)
Missiles
 c - 23 stones
Armour
 b - a +0 robe (worn)
Scrolls
 a - a scroll of immolation {unknown}
 e - a scroll of fear {unknown}
 f - a scroll of teleportation {unknown}
 g - a scroll of blinking {unknown}


   Skills:
 * Level 1.1 Fighting
 + Level 0.6 Armour
 - Level 1.7 Dodging
 - Level 1.7 Stealth
 + Level 2.1 Spellcasting
 - Level 1.0 Transmutations
 + Level 2.8 Earth Magic


You had 4 spell levels left.
You knew the following spells:

 Your Spells              Type           Power      Damage    Failure   Level
a - Sandblast             Erth           20%        2d7       6%          1

Your spell library contained the following spells:

 Spells                   Type           Power      Damage    Failure   Level
 Passwall                 Tmut/Erth      5%         N/A       14%         2
 Stone Arrow              Conj/Erth      12%        3d7       34%         3
 Petrify                  Tmut/Erth      7%         N/A       67%         4


Dungeon Overview and Level Annotations

Branches:
Dungeon (1/15)

Altars:


Innate Abilities, Weirdness & Mutations

You may rarely emit foul miasma when damaged in melee.


Message History

The dart slug barely misses you.
There are monsters nearby!
You hit the dart slug.
The dart slug is heavily wounded.
The bat barely misses you. The quokka misses you.
Unknown command.
You hit the dart slug but do no damage.
The dart slug is heavily wounded.
The bat completely misses you. The bat closely misses you.
The quokka misses you. The dart slug bites you.
Unknown command.
Unknown command.
You hit the dart slug.
The dart slug is severely wounded.
The bat hits you. The quokka completely misses you.
The dart slug launches a dart at you. The slug dart hits you.
* * * LOW HITPOINT WARNING * * *
Unknown command.
You are too injured to fight recklessly!
Unknown command.
You are too injured to fight recklessly!
Unknown command.
You are too injured to fight recklessly!
Unknown command.
You are too injured to fight recklessly!
Unknown command.
You are too injured to fight recklessly!
Unknown command.
You are too injured to fight recklessly!
Unknown command.
You are too injured to fight recklessly!
Unknown command.
Unknown command.
You are too injured to fight recklessly!
Unknown command.
You are too injured to fight recklessly!
The bat barely misses you. The quokka bites you.
You die...

# .....# #. .....#
#. #.#..#
#.##.#..#
#$...$..# #. ..
#.......# #.....
#..wb...#
#..[..##.##r##.#
## ......# #@# #
.. ##.##.#.##.##.#
.# .....#.......#
.####
#.#..####†####
...##.##.#.......#
.#.##.......######
.#.##.##.#.##
......##.#.#
##......>..#


You could see a dart slug, a quokka and a bat.

Vanquished Creatures
  A dart slug (D:1)
  A giant cockroach (D:1)
  A hobgoblin (D:1)
  2 jackals (D:1)
  A quokka (D:1)
  A ball python (D:1)
  2 bats (D:1)
  A frilled lizard (D:1)
  2 goblins (D:1)
  3 rats (D:1)
15 creatures vanquished.

Notes
Turn   | Place    | Note
-------+----------+-------------------------------------------
     0 | D:1      | protoss039 the Demonspawn Earth Elementalist began the
                  | quest for the Orb.
     0 | D:1      | Reached XP level 1. HP: 13/13 MP: 3/3
    81 | D:1      | Reached skill level 1 in Transmutations
   380 | D:1      | Gained mutation: You may rarely emit foul miasma when
                  | damaged in melee. [demonic ancestry]
   380 | D:1      | Reached XP level 2. HP: 14/20 MP: 3/5
   496 | D:1      | Reached skill level 1 in Fighting
  1113 | D:1      | Slain by a quokka

Illustrated notes

Levels and vault maps discovered:
D:1:      saegor_arrival_simple_d, layout_loops_cross, serial_park_tiny_1

Skill      XL: |  1  2 |
---------------+-------+-----
Transmutations | 1 |  1.0
Fighting       | 1 |  1.1
Armour         | |  0.6
Dodging        | |  1.7
Stealth        | |  1.7
Spellcasting   | |  2.1
Earth Magic    | |  2.8

Action                   || total
-------------------------++-------
Melee: Dagger            ||    79
 Cast: Sandblast         ||     7
 Stab: Sleeping          ||     1
Armor: Robe              ||    20
Dodge: Dodged            ||    77
